 Dungeon Crawl Stone Soup version 0.20-a0-642-g4ff03ff (console) character file.

2002 nht the Cleaver (level 9, -4/64 HPs)
             Began as a Formicid Fighter on Feb 14, 2017.
             Was an Initiate of Gozag.
             Slain by a mummy (14 damage)
             ... in an ossuary.
             The game lasted 00:09:52 (4552 turns).

nht the Cleaver (Formicid Fighter)                  Turns: 4552, Time: 00:09:53

Health: -4/64      AC: 11    Str: 24    XL:     9   Next: 45%
Magic:  18/18      EV:  6    Int:  8    God:    Gozag
Gold:   807        SH:  9    Dex: 10    Spells: 8/8 levels left

rFire    . . .     SeeInvis +   a - +0 war axe
rCold    . . .     Gourm    .   s - +0 chain mail {rPois}
rNeg     . . .     Faith    .   c - +0 shield
rPois    +         Spirit   .   (helmet unavailable)
rElec    .         Reflect  .   m - +1 cloak
rCorr    .         Harm     .   (no gloves)
MR       .....                  (no boots)
Stlth    ..........             (no amulet)
Regen    0.2/turn               q - ring of magical power
MPRegen  0.2/turn               (no ring)

@: lethally poisoned (-4 -> -5), gold aura
A: permanent stasis, dig shafts and tunnels, four strong arms, antennae 3
a: Dig, Shaft Self, Potion Petition, Call Merchant, Bribe Branch, Renounce
Religion


You were in an ossuary.
You worshipped Gozag.
Gozag was pleased with you.
You were not hungry.

You visited 1 branch of the dungeon, and saw 6 of its levels.
You also visited: Sewer and Ossuary.

You collected 1191 gold pieces.
You paid 384 gold pieces to Gozag.

Inventory:

Hand Weapons
 a - a +0 war axe (weapon)
Missiles
 i - 9 tomahawks (quivered)
Armour
 c - a +0 shield (worn)
 m - a +1 cloak (worn)
 s - a +0 chain mail of poison resistance (worn)
Jewellery
 o - an uncursed ring of fire
 q - a ring of magical power (right hand)
 x - a cursed ring of loudness {unknown}
Scrolls
 h - 2 scrolls of identify
 k - a scroll of fear {unknown}
 n - a scroll of amnesia
 p - 4 scrolls of remove curse
 r - 2 scrolls of enchant weapon {unknown}
 t - a scroll of magic mapping
 v - 2 scrolls of teleportation {unknown}
Potions
 d - a potion of brilliance
 e - 7 potions of curing
 g - 2 potions of cancellation
 j - a potion of flight
 u - a potion of heal wounds {unknown}
 w - 2 potions of invisibility
Comestibles
 b - a meat ration
 f - 4 bread rations
 l - 3 royal jellies


   Skills:
 - Level 3.2 Fighting
 + Level 11.7 Axes
 - Level 3.2 Armour
 - Level 3.6 Shields


You had 8 spell levels left.
You didn't know any spells.

Dungeon Overview and Level Annotations

Branches:
Dungeon (6/15)             Temple (0/1) D:4

Altars:
Ashenzari
Cheibriados
Elyvilon
Gozag
Makhleb
Nemelex Xobeh
Zin


Innate Abilities, Weirdness & Mutations

You cannot be hasted, slowed, berserked, paralysed or teleported.
You can dig through walls and to a lower floor.
Your four strong arms can wield two-handed weapons with a shield.
You have a pair of large antennae on your head. (SInv)


Message History

A mummy is nearby!
You hit the mummy but do no damage. The mummy hits you!
* * * LOW HITPOINT WARNING * * *
A mummy is nearby!
Your shield prevents you from hitting the mummy.
A mummy is nearby!
You barely miss the mummy. The mummy hits you.
* * * LOW HITPOINT WARNING * * *
A mummy is nearby!
You are too injured to fight recklessly!
You are too injured to fight recklessly!
You are too injured to fight recklessly!
You slash the mummy!
The mummy is severely damaged.
You feel sick.
You barely miss the mummy.
The mummy is severely damaged.
The mummy hits you!
You die...
Your body crumbles into a pile of gold. █████████████████████

█...█...█......$█$..█
'...8...'^^.....@M..█
█.......█..^^..^█$..█
██8...8███████████'██
█.......█...█...█.?.█
█...8...█...8...█!..█
█...█...█.......█M?!█
██████'███8...8██████
█...█.^.█.......█^..█
'...'...█...8...'^..█


You could see a mummy.

Vanquished Creatures
  The ghost of anet the Magician, a novice DEWz of Ashenzari (D:4)
  Grinder (D:4)
  Sigmund (D:2)
  Duvessa (D:4)
  An ogre (D:4)
  A bullfrog (Sewer)
  4 scorpions (Ossuary)
  Dowan (D:4)
  2 crimson imps (D:5)
  2 centaur zombies (Ossuary)
  4 human zombies (Ossuary)
  A jelly (D:6)
  4 orc wizards
  An iguana (D:3)
  3 worker ants (D:4)
  2 mummies (Ossuary)
  A howler monkey zombie (D:5)
  7 gnolls
  6 scorpion zombies (Ossuary)
  6 adders
  3 river rats (D:3)
  A shadow imp (D:5)
  An ooze (D:1)
  2 adder skeletons
  3 worms
  A dart slug (D:2)
  8 leopard geckos
  25 orcs
  14 bats
  11 giant cockroaches
  A gnoll zombie (Ossuary)
  9 goblins
  9 hobgoblins
  6 jackals
  7 ball pythons
  8 frilled lizards
  2 goblin zombies (Ossuary)
  10 kobolds
  5 kobold zombies (Ossuary)
  A leopard gecko skeleton (D:4)
  An orc zombie (Ossuary)
  A quokka skeleton (D:4)
  A quokka zombie (D:5)
  8 rats
188 creatures vanquished.

Notes
Turn   | Place    | Note
-------+----------+-------------------------------------------
     0 | D:1      | nht the Formicid Fighter began the quest for the Orb.
     0 | D:1      | Reached XP level 1. HP: 18/18 MP: 1/1
   141 | D:1      | Reached XP level 2. HP: 19/24 MP: 2/2
   217 | D:1      | Reached skill level 3 in Axes
   230 | D:1      | Reached XP level 3. HP: 14/29 MP: 3/3
   637 | D:2      | Noticed Sigmund
   650 | D:2      | Killed Sigmund
   650 | D:2      | Reached skill level 5 in Axes
   650 | D:2      | Reached XP level 4. HP: 8/35 MP: 4/4
   650 | D:2      | Reached XP level 5. HP: 10/41 MP: 5/5
   650 | D:2      | Reached XP level 6. HP: 11/47 MP: 6/6
   928 | D:2      | Found a faded altar of an unknown god.
   979 | D:2      | Became a worshipper of Gozag Ym Sagoz the Greedy
  1023 | D:2      | Found a white marble altar of Elyvilon.
  1117 | D:2      | Reached skill level 6 in Axes
  1215 | D:2      | Found a glowing silver altar of Zin.
  1215 | D:2      | Found a burning altar of Makhleb.
  1216 | D:2      | Noticed a balrug
  1216 | D:2      | Noticed an angel
  1221 | D:2      | You fall through a shaft!
  1692 | D:3      | Found a shattered altar of Ashenzari.
  1783 | D:3      | Found a glowing drain.
  1799 | Sewer    | Entered a sewer
  1899 | Sewer    | Reached XP level 7. HP: 47/52 MP: 7/7
  2014 | Sewer    | Reached skill level 7 in Axes
  2634 | D:4      | Noticed Grinder
  2635 | D:4      | Found a staircase to the Ecumenical Temple.
  2655 | D:4      | Killed Grinder
  2655 | D:4      | Reached skill level 8 in Axes
  2751 | D:4      | Reached XP level 8. HP: 43/58 MP: 8/8
  2755 | D:4      | Noticed anet's ghost (novice DEWz)
  2771 | D:4      | Killed anet's ghost
  2771 | D:4      | Reached skill level 9 in Axes
  2797 | D:4      | Noticed Duvessa
  2799 | D:4      | Noticed Dowan
  2802 | D:4      | Killed Dowan
  2820 | D:4      | Killed Duvessa
  3190 | D:4      | Reached skill level 10 in Axes
  3354 | D:4      | Found a snail-covered altar of Cheibriados.
  3579 | D:5      | Entered Level 5 of the Dungeon
  3614 | D:5      | Reached XP level 9. HP: 45/64 MP: 9/9
  4230 | D:6      | Found a sand-covered staircase.
  4234 | D:6      | Found a sparkling altar of Nemelex Xobeh.
  4246 | Ossuary  | Entered an ossuary
  4313 | Ossuary  | Reached skill level 11 in Axes
  4552 | Ossuary  | Slain by a mummy

Vault maps used:
D:1:      kennysheep_arrival_forest
D:2:      grunt_temple_overflow_order_and_chaos_2, elyvilon_altar_3,
          chequers_ecumenical_altar_simple, uniq_sigmund
D:3:      corexii_shack_village, first_bread, portal_sewer_entry_e, st_stairs_3,
          ashenzari_altar_1
D:4:      marbit_many_paths, minmay_temple_entry_statues_fountains,
          uniq_duvessa, uniq_grinder
D:6:      kennysheep_mini, nicolae_ossuary_entry_monument
Sewer:    sewer_frog_island_01
Ossuary:  ossuary_minmay_scorpions

Skill      XL: |  1  2  3  4  5  6  7  8  9 |
---------------+----------------------------+-----
Axes           | 3 5 6 8 10 11 | 11.7
Fighting       | |  3.2
Armour         | |  3.2
Shields        | |  3.6

Action                   |  1- 3 |  4- 6 |  7- 9 || total
-------------------------+-------+-------+-------++-------
Melee: War axe           |    96 |   138 |   424 ||   658
Invok: Potion Petition   |       |       |     2 ||     2
  Use: Potion            |     2 |       |     2 ||     4
       Scroll            |       |     4 |     6 ||    10
 Stab: Invisible         |     1 |     2 |       ||     3
       Distracted        |       |     1 |     2 ||     3
  Eat: Meat ration       |       |     1 |     1 ||     2
       Chunk             |       |     1 |       ||     1
       Fruit             |       |       |     3 ||     3
Armor: Scale mail        |    61 |    54 |    84 ||   199
       Chain mail        |       |       |    46 ||    46
Dodge: Dodged            |    38 |    50 |   101 ||   189
Block: Shield            |    67 |    86 |   163 ||   316
